General information
- name: BNet
- type: Ladder team game (AT/RT)
- host: Battle.net
- saver: GapInTheTooth
map: DragonFalls
- players: 8
- length: 77:15
- speed: Fast
- version: 1.21 W3XP
- replay type: Public
» download(517 KB)
Players
team 1 (winner)
GapInTheTooth (
green | 48 APM | 3734 actions | 77:15)
7 Archmage
3 Blizzard
3 Brilliance Aura
1 Mass Teleport
» actions
| Assign group hotkey | 34 | |
| Basic commands | 257 | |
| Build / train | 107 | |
| ESC pressed | 33 | |
| Enter build submenu | 65 | |
| Enter hero's abilities submenu | 7 | |
| Give item / drop item | 2 | |
| Remove unit from queue | 2 | |
| Right click | 1633 | |
| Select / deselect | 1126 | |
| Select group hotkey | 252 | |
| Use ability | 212 | |
3734 total
» units
| Peasant | 12 | |
| Dragonhawk Rider | 9 | |
| Goblin Shredder | 2 | |
| Priest | 7 | |
| Mortar Team | 12 | |
42 total
» upgrades
| Masonry | 3 | |
| Lumber Harvesting | 3 | |
| Cloud | 1 | |
| Magic Sentry | 1 | |
| Swords | 2 | |
| Armor | 2 | |
| Fragmentation Shards | 1 | |
| Flare | 1 | |
| Gunpowder | 3 | |
17 total
» buildings
| Lumber Mill | 1 | |
| Altar of Kings | 1 | |
| Farm | 11 | |
| Scout Tower | 51 | |
| Guard Tower | 19 | |
| Keep | 1 | |
| Arcane Vault | 2 | |
| Gryphon Aviary | 2 | |
| Castle | 1 | |
| Arcane Sanctum | 1 | |
| Blacksmith | 1 | |
| Town Hall | 2 | |
| Workshop | 1 | |
| Cannon Tower | 8 | |
102 total
» build order
00:06 Lumber Mill
00:18 Altar of Kings
00:21 Farm
00:22 Farm
01:33 Scout Tower
01:35 Scout Tower
01:58 Scout Tower
01:59 Scout Tower
02:08 Guard Tower
02:14 Guard Tower
02:53 Scout Tower
02:54 Scout Tower
02:55 Guard Tower
03:36 Keep
03:45 Scout Tower
03:47 Scout Tower
03:48 Guard Tower
03:51 Scout Tower
04:05 Arcane Vault
04:18 Scout Tower
04:19 Guard Tower
04:27 Guard Tower
05:05 Guard Tower
05:09 Scout Tower
05:10 Scout Tower
05:11 Scout Tower
05:19 Scout Tower
05:21 Scout Tower
05:54 Scout Tower
05:55 Guard Tower
06:00 Scout Tower
06:20 Guard Tower
06:30 Guard Tower
07:37 Gryphon Aviary
07:39 Gryphon Aviary
07:47 Castle
08:17 Farm
09:04 Farm
09:05 Farm
09:07 Farm
09:08 Farm
10:24 Farm
10:25 Farm
10:26 Farm
12:40 Arcane Sanctum
13:12 Blacksmith
14:11 Town Hall
15:44 Scout Tower
15:45 Scout Tower
15:47 Scout Tower
15:50 Scout Tower
15:58 Workshop
16:08 Scout Tower
16:21 Guard Tower
16:25 Scout Tower
16:27 Scout Tower
16:29 Scout Tower
16:32 Scout Tower
16:49 Scout Tower
17:03 Guard Tower
17:17 Cannon Tower
17:26 Guard Tower
18:02 Scout Tower
18:05 Scout Tower
18:09 Scout Tower
18:45 Guard Tower
19:01 Scout Tower
19:04 Scout Tower
19:27 Scout Tower
19:31 Cannon Tower
19:46 Cannon Tower
20:34 Cannon Tower
21:15 Scout Tower
21:37 Scout Tower
21:56 Cannon Tower
22:20 Cannon Tower
24:37 Town Hall
29:08 Scout Tower
29:10 Scout Tower
29:11 Scout Tower
29:26 Scout Tower
30:17 Cannon Tower
30:21 Scout Tower
30:22 Scout Tower
30:24 Scout Tower
30:25 Scout Tower
30:55 Guard Tower
31:43 Guard Tower
33:09 Scout Tower
33:11 Scout Tower
33:23 Scout Tower
35:10 Guard Tower
36:46 Scout Tower
36:48 Scout Tower
36:49 Scout Tower
36:50 Scout Tower
36:51 Scout Tower
37:17 Cannon Tower
37:19 Guard Tower
37:53 Guard Tower
39:32 Arcane Vault
63:13 Farm
» items
| Potion of Healing | 3 | |
| Scroll of Regeneration | 1 | |
| Orb of Lightning | 1 | |
| Staff of Teleportation | 1 | |
| Potion of Lesser Invulnerability | 1 | |
| Mechanical Critter | 2 | |
9 total
J_M_NEVERFORGET (
blue | 49 APM | 3763 actions | 77:13)
10 Blademaster
3 Wind Walk
3 Critical Strike
1 Bladestorm
3 Mirror Image
2 Dark Ranger
1 Silence
1 Life Drain
3 Pandaren Brewmaster
2 Breath of Fire
1 Drunken Haze
» actions
| Assign group hotkey | 8 | |
| Basic commands | 5 | |
| Build / train | 77 | |
| Enter build submenu | 78 | |
| Enter hero's abilities submenu | 16 | |
| Give item / drop item | 2 | |
| Remove unit from queue | 5 | |
| Right click | 2161 | |
| Select / deselect | 1115 | |
| Select group hotkey | 19 | |
| Use ability | 277 | |
3763 total
» units
| Peon | 17 | |
| Wind Rider | 6 | |
| Goblin Shredder | 1 | |
| Green Dragon | 13 | |
| Troll Batrider | 2 | |
39 total
» upgrades
| Ranged Weapons | 1 | |
| Armor | 1 | |
| Envenomed Spears | 1 | |
| Reinforced Defenses | 1 | |
4 total
» buildings
| Altar of Storms | 1 | |
| Orc Burrow | 6 | |
| War Mill | 1 | |
| Watch Tower | 68 | |
| Stronghold | 1 | |
| Voodoo Lounge | 1 | |
| Beastiary | 2 | |
| Fortress | 1 | |
| Great Hall | 3 | |
84 total
» build order
00:04 Altar of Storms
00:21 Orc Burrow
00:42 War Mill
02:00 Watch Tower
02:11 Watch Tower
02:24 Watch Tower
03:22 Stronghold
04:06 Watch Tower
04:08 Watch Tower
04:13 Watch Tower
04:16 Voodoo Lounge
04:27 Watch Tower
05:02 Watch Tower
05:45 Beastiary
05:55 Watch Tower
06:02 Watch Tower
06:37 Beastiary
08:50 Orc Burrow
08:51 Orc Burrow
09:39 Fortress
09:46 Great Hall
09:50 Great Hall
10:46 Watch Tower
10:47 Watch Tower
11:28 Watch Tower
12:11 Watch Tower
12:48 Watch Tower
14:28 Watch Tower
14:34 Watch Tower
15:23 Watch Tower
15:23 Watch Tower
15:27 Watch Tower
15:27 Watch Tower
16:50 Watch Tower
16:52 Watch Tower
17:12 Watch Tower
17:13 Watch Tower
17:58 Watch Tower
18:28 Watch Tower
19:54 Watch Tower
20:29 Watch Tower
20:55 Watch Tower
20:56 Watch Tower
21:12 Watch Tower
21:14 Watch Tower
21:36 Watch Tower
21:37 Watch Tower
22:33 Watch Tower
22:52 Watch Tower
24:37 Watch Tower
24:38 Watch Tower
24:39 Watch Tower
24:40 Watch Tower
24:41 Watch Tower
24:42 Watch Tower
24:43 Watch Tower
24:45 Watch Tower
28:24 Watch Tower
28:26 Watch Tower
28:58 Watch Tower
29:00 Watch Tower
29:01 Watch Tower
29:02 Watch Tower
29:14 Watch Tower
29:15 Watch Tower
29:43 Watch Tower
29:45 Watch Tower
29:48 Watch Tower
30:14 Watch Tower
31:12 Watch Tower
31:18 Watch Tower
32:13 Watch Tower
32:39 Great Hall
33:06 Watch Tower
34:13 Watch Tower
34:40 Watch Tower
34:41 Watch Tower
36:25 Watch Tower
36:28 Watch Tower
36:29 Watch Tower
36:31 Watch Tower
58:39 Orc Burrow
69:59 Orc Burrow
70:50 Orc Burrow
» items
| Healing Salve | 5 | |
| Lesser Clarity Potion | 4 | |
| Potion of Healing | 1 | |
| Orb of Lightning | 1 | |
11 total
OMGGOONRUSH (
red | 44 APM | 3420 actions | 77:13)
10 Mountain King
3 Storm Bolt
3 Bash
1 Avatar
3 Thunder Clap
2 Goblin Tinker
1 Pocket Factory
1 Engineering Upgrade
» actions
| Assign group hotkey | 42 | |
| Basic commands | 15 | |
| Build / train | 132 | |
| ESC pressed | 2 | |
| Enter build submenu | 20 | |
| Enter hero's abilities submenu | 13 | |
| Give item / drop item | 7 | |
| Remove unit from queue | 1 | |
| Right click | 2049 | |
| Select / deselect | 595 | |
| Select group hotkey | 145 | |
| Use ability | 398 | |
3420 total
» units
| Peasant | 17 | |
| Dragonhawk Rider | 25 | |
| Priest | 2 | |
| Green Dragon | 1 | |
| Goblin Zeppelin | 1 | |
| Gryphon Rider | 9 | |
55 total
» upgrades
| Masonry | 3 | |
| Cloud | 1 | |
| Animal War Training | 1 | |
| Swords | 3 | |
| Armor | 3 | |
| Magic Sentry | 1 | |
| Priest Training | 2 | |
| Storm Hammers | 1 | |
15 total
» buildings
| Altar of Kings | 1 | |
| Farm | 14 | |
| Lumber Mill | 1 | |
| Scout Tower | 16 | |
| Arcane Tower | 1 | |
| Arcane Vault | 1 | |
| Guard Tower | 6 | |
| Keep | 1 | |
| Town Hall | 1 | |
| Gryphon Aviary | 2 | |
| Blacksmith | 1 | |
| Castle | 1 | |
| Barracks | 1 | |
| Arcane Sanctum | 1 | |
48 total
» build order
00:09 Altar of Kings
00:16 Farm
00:30 Lumber Mill
00:43 Farm
00:47 Scout Tower
01:12 Scout Tower
01:21 Scout Tower
01:46 Arcane Tower
02:05 Arcane Vault
02:15 Guard Tower
02:21 Scout Tower
04:04 Scout Tower
04:06 Scout Tower
04:07 Scout Tower
04:08 Scout Tower
04:12 Scout Tower
04:14 Scout Tower
04:15 Scout Tower
04:16 Scout Tower
04:17 Scout Tower
04:18 Scout Tower
04:18 Scout Tower
04:20 Scout Tower
04:38 Guard Tower
05:00 Guard Tower
05:06 Keep
05:24 Guard Tower
05:30 Guard Tower
07:03 Town Hall
07:37 Gryphon Aviary
07:42 Blacksmith
07:48 Gryphon Aviary
08:16 Castle
08:25 Barracks
08:30 Farm
08:32 Farm
08:32 Farm
08:33 Farm
08:34 Farm
08:35 Farm
12:15 Guard Tower
16:56 Arcane Sanctum
17:18 Farm
17:20 Farm
28:32 Farm
28:33 Farm
28:33 Farm
28:34 Farm
» items
| Potion of Invisibility | 2 | |
| Boots of Speed | 2 | |
| Staff of Teleportation | 1 | |
| Lesser Clarity Potion | 10 | |
| Potion of Mana | 13 | |
| Potion of Healing | 4 | |
| Scroll of Regeneration | 1 | |
| Orb of Lightning | 2 | |
| Periapt of Vitality | 1 | |
| Potion of Lesser Invulnerability | 1 | |
37 total
Panda_Slammed (
pink | 45 APM | 3513 actions | 77:13)
10 Blademaster
3 Wind Walk
3 Critical Strike
1 Bladestorm
3 Mirror Image
1 Dark Ranger
1 Silence
1 Naga Sea Witch
1 Forked Lightning
» actions
| Basic commands | 621 | |
| Build / train | 80 | |
| Enter build submenu | 73 | |
| Enter hero's abilities submenu | 15 | |
| Give item / drop item | 13 | |
| Right click | 1483 | |
| Select / deselect | 939 | |
| Use ability | 289 | |
3513 total
» units
» upgrades
| Spiked Barricades | 1 | |
| Liquid Fire | 1 | |
2 total
» buildings
| Altar of Storms | 1 | |
| Orc Burrow | 4 | |
| War Mill | 4 | |
| Watch Tower | 60 | |
| Voodoo Lounge | 1 | |
| Stronghold | 1 | |
| Fortress | 1 | |
| Beastiary | 2 | |
74 total
» build order
00:07 Altar of Storms
00:09 Orc Burrow
00:40 War Mill
01:50 Orc Burrow
01:59 Watch Tower
02:11 Watch Tower
03:18 Watch Tower
03:19 Voodoo Lounge
03:47 Watch Tower
03:49 Watch Tower
03:52 Watch Tower
03:58 Watch Tower
04:15 Watch Tower
04:30 Watch Tower
04:50 Watch Tower
05:54 Watch Tower
05:55 Watch Tower
05:59 Watch Tower
06:04 Stronghold
06:54 Watch Tower
06:56 Watch Tower
07:06 Watch Tower
08:33 Watch Tower
08:37 Watch Tower
08:40 Fortress
08:44 Beastiary
09:48 Watch Tower
09:49 Watch Tower
10:22 Beastiary
11:31 Orc Burrow
13:30 Orc Burrow
14:24 Watch Tower
14:25 Watch Tower
14:27 Watch Tower
14:30 Watch Tower
15:42 Watch Tower
15:43 Watch Tower
15:44 Watch Tower
15:45 Watch Tower
16:48 Watch Tower
16:52 Watch Tower
16:59 Watch Tower
17:20 Watch Tower
17:55 Watch Tower
17:57 Watch Tower
18:11 Watch Tower
18:55 Watch Tower
18:58 Watch Tower
19:00 Watch Tower
27:27 Watch Tower
29:19 Watch Tower
29:21 Watch Tower
29:23 Watch Tower
29:24 Watch Tower
30:00 War Mill
36:57 Watch Tower
36:59 Watch Tower
37:00 Watch Tower
37:01 Watch Tower
46:40 War Mill
46:48 War Mill
65:11 Watch Tower
65:13 Watch Tower
65:14 Watch Tower
65:15 Watch Tower
65:16 Watch Tower
65:18 Watch Tower
65:19 Watch Tower
65:20 Watch Tower
65:22 Watch Tower
65:23 Watch Tower
65:25 Watch Tower
65:26 Watch Tower
65:29 Watch Tower
» items
| Healing Salve | 5 | |
| Lesser Clarity Potion | 13 | |
| Boots of Speed | 1 | |
| Staff of Teleportation | 1 | |
| Orb of Lightning | 1 | |
| Tiny Great Hall | 2 | |
| Potion of Mana | 1 | |
24 total
team 2 (loser)
I_love_towers (
orange | 23 APM | 1763 actions | 77:09)
2 Archmage
2 Summon Water Elemental
2 Mountain King
2 Storm Bolt
4 Paladin
3 Holy Light
1 Divine Shield
» actions
| Assign group hotkey | 36 | |
| Build / train | 86 | |
| Enter build submenu | 28 | |
| Enter hero's abilities submenu | 9 | |
| Remove unit from queue | 12 | |
| Right click | 991 | |
| Select / deselect | 496 | |
| Select group hotkey | 20 | |
| Use ability | 85 | |
1763 total
» units
» upgrades
| Masonry | 1 | |
| Swords | 3 | |
| Armor | 3 | |
| Storm Hammers | 1 | |
8 total
» buildings
| Altar of Kings | 1 | |
| Farm | 13 | |
| Lumber Mill | 2 | |
| Scout Tower | 24 | |
| Guard Tower | 21 | |
| Keep | 1 | |
| Gryphon Aviary | 1 | |
| Castle | 1 | |
| Blacksmith | 1 | |
65 total
» build order
00:08 Altar of Kings
00:18 Farm
01:04 Lumber Mill
01:22 Scout Tower
01:58 Scout Tower
02:00 Scout Tower
02:01 Scout Tower
02:02 Scout Tower
02:03 Scout Tower
02:21 Guard Tower
02:41 Guard Tower
03:58 Scout Tower
03:59 Scout Tower
04:01 Guard Tower
04:17 Scout Tower
04:18 Scout Tower
04:28 Farm
04:29 Farm
04:32 Guard Tower
05:06 Guard Tower
05:15 Scout Tower
05:16 Scout Tower
05:18 Scout Tower
05:22 Guard Tower
06:04 Scout Tower
06:05 Scout Tower
06:09 Farm
06:16 Farm
06:21 Guard Tower
06:35 Scout Tower
06:39 Scout Tower
06:42 Scout Tower
06:43 Scout Tower
06:53 Guard Tower
07:08 Guard Tower
07:23 Guard Tower
07:33 Guard Tower
07:57 Guard Tower
08:18 Guard Tower
08:19 Guard Tower
08:25 Guard Tower
09:04 Keep
09:41 Farm
09:47 Farm
11:39 Gryphon Aviary
12:48 Scout Tower
12:51 Scout Tower
12:56 Scout Tower
12:58 Scout Tower
13:05 Scout Tower
13:18 Castle
13:23 Guard Tower
13:24 Guard Tower
13:54 Blacksmith
14:06 Guard Tower
14:08 Guard Tower
14:41 Guard Tower
15:04 Guard Tower
15:34 Farm
15:36 Farm
18:21 Lumber Mill
21:27 Farm
21:30 Farm
22:36 Farm
22:37 Farm
roxxor_sauce (
teal | 26 APM | 1983 actions | 77:13)
1 Archmage
1 Summon Water Elemental
1 Mountain King
1 Storm Bolt
1 Paladin
1 Holy Light
» actions
| Assign group hotkey | 6 | |
| Basic commands | 58 | |
| Build / train | 146 | |
| ESC pressed | 11 | |
| Enter build submenu | 92 | |
| Enter hero's abilities submenu | 5 | |
| Right click | 948 | |
| Select / deselect | 509 | |
| Select group hotkey | 103 | |
| Use ability | 103 | |
1983 total
» units
| Peasant | 34 | |
| Siege Engine | 3 | |
| Mortar Team | 14 | |
| Flying Machine | 40 | |
91 total
» upgrades
| Lumber Harvesting | 2 | |
| Magic Sentry | 1 | |
| Long Rifles | 1 | |
| Masonry | 3 | |
| Gunpowder | 2 | |
| Plating | 1 | |
| Fragmentation Shards | 1 | |
| Flak Cannons | 1 | |
| Flying Machine Bombs | 1 | |
13 total
» buildings
| Altar of Kings | 2 | |
| Farm | 14 | |
| Lumber Mill | 2 | |
| Scout Tower | 47 | |
| Guard Tower | 31 | |
| Keep | 2 | |
| Arcane Sanctum | 1 | |
| Castle | 2 | |
| Barracks | 2 | |
| Blacksmith | 2 | |
| Workshop | 4 | |
| Town Hall | 2 | |
111 total
» build order
00:09 Altar of Kings
00:41 Farm
00:57 Lumber Mill
01:24 Scout Tower
01:31 Farm
01:54 Scout Tower
02:04 Scout Tower
02:12 Farm
02:22 Scout Tower
02:31 Guard Tower
02:50 Guard Tower
03:22 Guard Tower
03:25 Scout Tower
03:28 Scout Tower
03:33 Scout Tower
03:36 Guard Tower
04:01 Farm
04:09 Guard Tower
04:22 Scout Tower
04:36 Scout Tower
04:54 Scout Tower
05:04 Scout Tower
05:07 Guard Tower
05:35 Guard Tower
05:44 Guard Tower
05:50 Keep
06:03 Scout Tower
06:08 Scout Tower
06:15 Farm
06:58 Scout Tower
07:07 Scout Tower
07:12 Scout Tower
07:19 Guard Tower
07:40 Scout Tower
07:57 Scout Tower
07:59 Guard Tower
08:01 Guard Tower
09:14 Scout Tower
09:18 Scout Tower
09:24 Scout Tower
09:47 Guard Tower
09:55 Scout Tower
10:02 Scout Tower
10:10 Scout Tower
10:22 Guard Tower
10:39 Arcane Sanctum
10:45 Guard Tower
10:50 Guard Tower
11:27 Scout Tower
11:47 Scout Tower
11:51 Scout Tower
12:15 Castle
12:30 Barracks
12:38 Barracks
12:50 Guard Tower
12:51 Guard Tower
12:57 Scout Tower
13:01 Scout Tower
13:05 Scout Tower
13:39 Guard Tower
13:50 Scout Tower
13:53 Scout Tower
13:59 Scout Tower
15:04 Guard Tower
15:09 Scout Tower
15:13 Scout Tower
15:18 Scout Tower
15:41 Guard Tower
15:43 Guard Tower
15:56 Blacksmith
16:03 Scout Tower
16:06 Scout Tower
16:09 Guard Tower
16:14 Scout Tower
16:19 Scout Tower
16:28 Scout Tower
17:01 Guard Tower
17:04 Guard Tower
17:05 Guard Tower
17:09 Scout Tower
17:19 Scout Tower
17:27 Scout Tower
17:48 Farm
17:50 Guard Tower
17:54 Guard Tower
18:06 Workshop
18:10 Guard Tower
18:27 Scout Tower
18:35 Scout Tower
18:53 Guard Tower
19:15 Farm
20:42 Farm
21:06 Workshop
22:15 Guard Tower
22:38 Guard Tower
27:20 Scout Tower
37:23 Town Hall
38:38 Town Hall
45:10 Farm
46:57 Altar of Kings
47:02 Keep
47:13 Lumber Mill
47:20 Farm
47:25 Farm
49:02 Blacksmith
50:34 Castle
50:41 Workshop
52:52 Workshop
52:56 Farm
52:59 Farm
60:02 Farm
Tower_Madness (
purple | 70 APM | 5391 actions | 77:06)
6 Archmage
3 Summon Water Elemental
3 Brilliance Aura
6 Mountain King
3 Storm Bolt
3 Bash
6 Paladin
3 Holy Light
3 Divine Shield
» actions
| Assign group hotkey | 87 | |
| Basic commands | 19 | |
| Build / train | 187 | |
| Enter build submenu | 51 | |
| Enter hero's abilities submenu | 27 | |
| Give item / drop item | 9 | |
| Remove unit from queue | 39 | |
| Right click | 2386 | |
| Select / deselect | 949 | |
| Select group hotkey | 1043 | |
| Use ability | 594 | |
5391 total
» units
| Peasant | 48 | |
| Furbolg Shaman | 1 | |
| Dragonhawk Rider | 17 | |
66 total
» upgrades
| Masonry | 3 | |
| Magic Sentry | 1 | |
| Lumber Harvesting | 2 | |
| Animal War Training | 1 | |
| Swords | 4 | |
| Armor | 3 | |
| Storm Hammers | 1 | |
| Cloud | 2 | |
17 total
» buildings
| Altar of Kings | 1 | |
| Farm | 5 | |
| Scout Tower | 90 | |
| Lumber Mill | 1 | |
| Guard Tower | 31 | |
| Keep | 1 | |
| Arcane Tower | 1 | |
| Arcane Sanctum | 1 | |
| Castle | 1 | |
| Town Hall | 3 | |
| Barracks | 1 | |
| Blacksmith | 1 | |
| Gryphon Aviary | 2 | |
| Arcane Vault | 1 | |
140 total
» build order
00:06 Altar of Kings
00:29 Farm
01:02 Farm
01:09 Farm
01:16 Scout Tower
01:21 Lumber Mill
02:20 Scout Tower
02:40 Guard Tower
02:42 Scout Tower
02:54 Guard Tower
03:14 Guard Tower
04:27 Keep
05:48 Scout Tower
05:48 Scout Tower
05:49 Scout Tower
05:51 Scout Tower
05:52 Scout Tower
05:53 Scout Tower
06:26 Arcane Tower
06:34 Guard Tower
06:40 Guard Tower
06:44 Guard Tower
06:44 Guard Tower
07:06 Arcane Sanctum
07:14 Guard Tower
08:28 Farm
08:44 Castle
09:48 Town Hall
09:53 Scout Tower
09:53 Scout Tower
09:54 Scout Tower
09:55 Scout Tower
09:55 Scout Tower
09:56 Scout Tower
09:57 Scout Tower
09:58 Scout Tower
09:59 Scout Tower
09:59 Scout Tower
10:02 Scout Tower
10:03 Scout Tower
10:46 Guard Tower
11:16 Guard Tower
12:07 Scout Tower
13:09 Scout Tower
13:10 Scout Tower
13:11 Scout Tower
13:14 Scout Tower
13:15 Scout Tower
13:16 Scout Tower
13:17 Scout Tower
14:00 Guard Tower
14:20 Guard Tower
15:18 Town Hall
15:47 Guard Tower
16:12 Scout Tower
16:13 Scout Tower
16:13 Scout Tower
16:14 Scout Tower
16:16 Scout Tower
16:44 Scout Tower
16:45 Scout Tower
16:46 Scout Tower
16:54 Guard Tower
17:03 Farm
17:39 Guard Tower
18:17 Scout Tower
18:18 Scout Tower
18:19 Scout Tower
18:20 Scout Tower
18:20 Scout Tower
18:21 Scout Tower
18:22 Scout Tower
19:00 Guard Tower
19:21 Guard Tower
19:32 Guard Tower
20:17 Barracks
20:18 Blacksmith
20:20 Gryphon Aviary
20:21 Gryphon Aviary
23:03 Arcane Vault
24:20 Town Hall
24:23 Scout Tower
24:24 Scout Tower
24:25 Scout Tower
24:25 Scout Tower
24:26 Scout Tower
24:27 Scout Tower
24:28 Scout Tower
24:29 Scout Tower
24:29 Scout Tower
24:30 Scout Tower
24:31 Scout Tower
24:31 Scout Tower
24:32 Scout Tower
24:33 Scout Tower
24:34 Scout Tower
24:34 Scout Tower
24:35 Scout Tower
24:36 Scout Tower
24:37 Scout Tower
24:38 Scout Tower
24:38 Scout Tower
24:39 Scout Tower
24:39 Scout Tower
24:40 Scout Tower
25:00 Guard Tower
25:09 Guard Tower
25:32 Guard Tower
25:57 Guard Tower
28:11 Scout Tower
28:12 Scout Tower
28:12 Scout Tower
28:41 Scout Tower
28:42 Scout Tower
28:42 Scout Tower
28:44 Scout Tower
28:45 Scout Tower
28:46 Scout Tower
28:46 Scout Tower
28:50 Scout Tower
28:50 Scout Tower
28:52 Scout Tower
28:52 Scout Tower
28:52 Scout Tower
28:53 Scout Tower
28:55 Guard Tower
29:06 Guard Tower
29:12 Guard Tower
29:28 Guard Tower
29:38 Scout Tower
29:39 Scout Tower
29:39 Scout Tower
29:40 Scout Tower
29:42 Scout Tower
29:44 Scout Tower
29:45 Guard Tower
29:57 Guard Tower
30:14 Guard Tower
30:15 Guard Tower
31:10 Guard Tower
» items
towers_love_I (
yellow | 73 APM | 5639 actions | 77:08)
6 Archmage
3 Summon Water Elemental
2 Brilliance Aura
1 Mass Teleport
3 Mountain King
2 Storm Bolt
1 Thunder Clap
» actions
| Assign group hotkey | 87 | |
| Basic commands | 533 | |
| Build / train | 166 | |
| ESC pressed | 6 | |
| Enter build submenu | 127 | |
| Enter hero's abilities submenu | 9 | |
| Right click | 2568 | |
| Select / deselect | 938 | |
| Select group hotkey | 986 | |
| Use ability | 219 | |
5639 total
» units
| Peasant | 35 | |
| Rifleman | 10 | |
| Mortar Team | 8 | |
| Flying Machine | 19 | |
| Siege Engine | 4 | |
| Knight | 1 | |
| Footman | 4 | |
81 total
» upgrades
| Masonry | 2 | |
| Lumber Harvesting | 1 | |
| Long Rifles | 1 | |
| Gunpowder | 3 | |
| Magic Sentry | 1 | |
| Flak Cannons | 1 | |
| Flying Machine Bombs | 1 | |
| Barrage | 1 | |
11 total
» buildings
| Altar of Kings | 1 | |
| Farm | 13 | |
| Lumber Mill | 4 | |
| Scout Tower | 83 | |
| Guard Tower | 46 | |
| Arcane Tower | 8 | |
| Arcane Vault | 1 | |
| Keep | 1 | |
| Barracks | 2 | |
| Blacksmith | 1 | |
| Town Hall | 1 | |
| Arcane Sanctum | 2 | |
| Workshop | 4 | |
| Cannon Tower | 1 | |
| Castle | 1 | |
169 total
» build order
00:05 Altar of Kings
00:26 Farm
00:39 Lumber Mill
00:42 Lumber Mill
01:07 Farm
01:39 Scout Tower
02:07 Scout Tower
02:12 Scout Tower
02:13 Guard Tower
02:46 Scout Tower
02:50 Scout Tower
02:51 Guard Tower
03:04 Scout Tower
03:06 Scout Tower
03:22 Guard Tower
03:23 Scout Tower
03:32 Scout Tower
03:35 Scout Tower
03:38 Guard Tower
03:39 Scout Tower
03:52 Guard Tower
03:55 Scout Tower
04:00 Guard Tower
04:08 Guard Tower
04:12 Scout Tower
04:13 Scout Tower
04:22 Guard Tower
04:24 Guard Tower
04:26 Scout Tower
04:33 Scout Tower
04:47 Arcane Tower
05:05 Arcane Tower
05:06 Scout Tower
05:12 Guard Tower
05:13 Scout Tower
05:41 Arcane Tower
05:42 Scout Tower
05:49 Arcane Tower
05:50 Scout Tower
06:15 Guard Tower
06:22 Arcane Tower
06:34 Guard Tower
06:40 Arcane Vault
07:13 Scout Tower
07:18 Scout Tower
07:19 Scout Tower
07:43 Arcane Tower
07:46 Scout Tower
07:49 Scout Tower
07:59 Guard Tower
08:21 Guard Tower
08:24 Scout Tower
08:26 Scout Tower
08:35 Keep
08:54 Guard Tower
08:55 Scout Tower
09:03 Scout Tower
09:05 Guard Tower
09:25 Scout Tower
09:27 Guard Tower
09:33 Scout Tower
09:35 Arcane Tower
09:46 Scout Tower
09:57 Guard Tower
10:00 Scout Tower
10:12 Guard Tower
10:17 Scout Tower
10:22 Guard Tower
10:26 Scout Tower
10:31 Guard Tower
10:34 Scout Tower
10:59 Guard Tower
11:11 Guard Tower
11:11 Guard Tower
11:34 Guard Tower
12:14 Barracks
12:15 Barracks
12:34 Farm
12:35 Farm
13:05 Scout Tower
13:07 Scout Tower
13:11 Scout Tower
13:16 Scout Tower
13:18 Scout Tower
13:25 Blacksmith
13:30 Scout Tower
13:37 Guard Tower
13:50 Guard Tower
13:51 Guard Tower
13:57 Guard Tower
14:18 Guard Tower
14:46 Farm
14:49 Farm
16:19 Town Hall
16:26 Scout Tower
16:27 Scout Tower
16:36 Scout Tower
17:02 Scout Tower
17:03 Scout Tower
17:07 Guard Tower
17:14 Scout Tower
17:15 Scout Tower
17:19 Scout Tower
17:23 Guard Tower
17:48 Farm
18:05 Guard Tower
18:08 Lumber Mill
19:05 Guard Tower
19:10 Scout Tower
19:12 Scout Tower
19:15 Scout Tower
19:42 Arcane Sanctum
19:45 Workshop
19:49 Guard Tower
19:52 Arcane Tower
20:04 Scout Tower
20:08 Scout Tower
20:32 Scout Tower
20:42 Guard Tower
21:13 Guard Tower
21:26 Scout Tower
21:31 Guard Tower
21:35 Scout Tower
21:43 Scout Tower
22:57 Guard Tower
22:59 Scout Tower
23:03 Scout Tower
23:32 Guard Tower
23:45 Scout Tower
23:47 Scout Tower
23:48 Scout Tower
23:49 Scout Tower
23:50 Scout Tower
24:52 Arcane Sanctum
27:23 Scout Tower
28:17 Guard Tower
28:24 Scout Tower
29:09 Guard Tower
29:14 Scout Tower
31:03 Scout Tower
31:21 Scout Tower
31:22 Scout Tower
31:24 Scout Tower
31:47 Scout Tower
32:53 Scout Tower
34:03 Scout Tower
34:09 Scout Tower
34:16 Scout Tower
34:45 Cannon Tower
36:35 Scout Tower
37:33 Scout Tower
37:34 Guard Tower
38:28 Guard Tower
38:29 Scout Tower
39:38 Lumber Mill
40:14 Scout Tower
40:50 Scout Tower
41:40 Workshop
41:41 Workshop
42:14 Workshop
42:20 Castle
42:53 Farm
43:13 Farm
43:27 Farm
43:29 Farm
43:31 Farm
43:42 Guard Tower
43:43 Guard Tower
43:47 Farm
» items
| Scroll of Regeneration | 4 | |
| Lesser Clarity Potion | 1 | |
5 total
Chat log
(00:10 / All) GapInTheTooth: man i love units
(00:14 / All) GapInTheTooth: units are awesome
(00:17 / All) J_M_NEVERFORGET: wut is tower
(00:26 / Allies) GapInTheTooth: what is love
(00:30 / All) GapInTheTooth: what is love
(00:36 / All) I_love_towers: baby don't hurt me
(00:42 / All) GapInTheTooth: don't hurt me
(00:48 / All) I_love_towers: no more
(00:57 / All) J_M_NEVERFORGET: oh oh oh
(01:09 / All) I_love_towers: I don't know
(01:29 / All) I_love_towers: just me and you >_>
(01:40 / All) GapInTheTooth: i can't go on
(01:42 / All) GapInTheTooth: OONCE OONCE
(01:47 / All) GapInTheTooth: what is love
(01:48 / All) I_love_towers: :D
(42:50 / All) GapInTheTooth: clan towa > your shitty tower
(43:09 / All) towers_love_I: what took you so long then? : P
(77:11 / All) J_M_NEVERFORGET: GG noobs